[Event "ICC tourney 2248 (120 10)"]
[Site "Internet Chess Club"]
[Date "2020.12.26"]
[Round "1"]
[White "vedantpmargale"]
[Black "Averyyu321"]
[Result "0-1"]
[ICCResult "White resigns"]
[WhiteElo "1493"]
[BlackElo "1739"]
[Opening "Sicilian: dragon, Yugoslav attack"]
[ECO "B75"]
[NIC "SI.17"]
[Time "12:04:20"]
[PlyCount "170"]
[TimeControl "7200+10"]

1. e4 c5 2. Nf3 d6 3. d4 cxd4 4. Nxd4 Nf6 5. Nc3 g6 6. Be3 Bg7 7. f3 a6 8.
a4 Nbd7 9. Be2 b6 10. O-O Bb7 11. Qd2 O-O 12. Nb3 Rc8 13. Rad1 Qc7 14. Bh6
Ne5 15. Bxg7 Kxg7 16. Qd4 Rfd8 17. Qe3 Nc6 18. Rd2 e6 19. Rfd1 Ne7 20. f4
d5 21. e5 Nd7 22. Nd4 Nc5 23. h3 Bc6 24. b3 Bb7 25. Rb1 Nc6 26. Rb2 Nb4 27.
Bf3 Qd7 28. Rb1 Rc7 29. Nce2 Rdc8 30. c3 Nc6 31. Rc1 Qe7 32. Nxc6 Bxc6 33.
Nd4 Bb7 34. Rdc2 Qd7 35. Qe2 Bc6 36. Kh2 b5 37. axb5 Bxb5 38. Qd2 Rb8 39.
Be2 Bxe2 40. Qxe2 Nxb3 41. Nxb3 Rxb3 42. Qxa6 Qc6 43. Qxc6 Rxc6 44. Kg1 Rc4
45. g3 Rb5 46. Kf2 Rbc5 47. Ke3 d4+ 48. Kd3 dxc3 49. Rxc3 Rxc3+ 50. Rxc3
Rd5+ 51. Ke4 h6 52. Rd3 Ra5 53. Rd4 Ra3 54. Rd3 Ra1 55. h4 Re1+ 56. Re3 Rg1
57. Rf3 f6 58. Re3 Kf7 59. exf6 Kxf6 60. Kf3 Rf1+ 61. Kg2 Rc1 62. Re5 Rc2+
63. Kf3 Rc3+ 64. Kg2 Rd3 65. Kf2 h5 66. Rg5 Rd5 67. Kf3 Rxg5 68. hxg5+ Kf5
69. Kg2 Kg4 70. Kf2 h4 71. gxh4 Kxf4 72. h5 Kxg5 73. hxg6 Kxg6 74. Kf3 Kf5
75. Ke3 Ke5 76. Kd3 Kf4 77. Ke2 Ke4 78. Kf2 Kd3 79. Ke1 Ke3 80. Kf1 e5 81.
Ke1 e4 82. Kd1 Kf2 83. Kd2 e3+ 84. Kd1 e2+ 85. Kd2 e1=Q+ { White resigns }
0-1

[Event "ICC tourney 2248 (120 10)"]
[Site "Internet Chess Club"]
[Date "2020.12.26"]
[Round "1"]
[White "Priccchess"]
[Black "ShanksGames"]
[Result "0-1"]
[ICCResult "White resigns"]
[WhiteElo "1806"]
[BlackElo "1591"]
[Opening "French: exchange variation"]
[ECO "C01"]
[NIC "FR.01"]
[Time "12:04:19"]
[PlyCount "142"]
[TimeControl "7200+10"]

1. e4 e6 2. d4 d5 3. exd5 exd5 4. Nf3 Nf6 5. h3 h6 6. Bd3 Bd6 7. O-O O-O 8.
Re1 b6 9. c4 c5 10. Nc3 cxd4 11. Nxd4 Bc5 12. Be3 Re8 13. Nxd5 Nxd5 14.
cxd5 Qxd5 15. Nf3 Bb7 16. Bxc5 Rxe1+ 17. Nxe1 Qxc5 18. Rc1 Qe7 19. Qg4 Nd7
20. Qf5 Nf6 21. Nf3 Rd8 22. Re1 Qd6 23. Ne5 Qd5 24. f3 Qd4+ 25. Kh2 Bc8 26.
Re4 Bxf5 27. Rxd4 Rxd4 28. Bxf5 Rd2 29. Nc4 Rd5 30. Bc2 Rc5 31. Bb3 Rc7 32.
Nd6 Kf8 33. Nc4 Nd7 34. Nd6 Nc5 35. Nb5 Re7 36. Bc2 Re2 37. Na3 b5 38. b4
Na6 39. Bb3 Re5 40. Nc2 Ke7 41. Nd4 Nb8 42. g4 a6 43. Kg3 f6 44. Kf4 g5+
45. Kg3 Kd6 46. Bc2 Nc6 47. Nxc6 Kxc6 48. Be4+ Kc7 49. h4 Kb6 50. h5 a5 51.
bxa5+ Kxa5 52. Bc2 Re2 53. Bb3 Kb4 54. Bd1 Rxa2 55. f4 Rd2 56. Bf3 Rd3 57.
fxg5 fxg5 58. Kf2 Rxf3+ 59. Kxf3 Kc3 60. Ke4 b4 61. Kf5 b3 62. Kg6 b2 63.
Kxh6 b1=Q 64. Kxg5 Qb5+ 65. Kh6 Qc6+ 66. Kg5 Qd5+ 67. Kh6 Qe6+ 68. Kg5 Kd4
69. h6 Ke5 70. h7 Qf6+ 71. Kh5 Kf4 { White resigns } 0-1

[Event "ICC tourney 2248 (120 10)"]
[Site "Internet Chess Club"]
[Date "2020.12.26"]
[Round "2"]
[White "dswang"]
[Black "JaredMWeiss"]
[Result "1-0"]
[ICCResult "Black resigns"]
[WhiteElo "1828"]
[BlackElo "1670"]
[Opening "Queen's pawn"]
[ECO "A40"]
[NIC "QO.17"]
[Time "17:17:50"]
[PlyCount "84"]
[TimeControl "7200+10"]

1. d4 c6 2. c4 Nf6 3. Nc3 d5 4. e3 g6 5. Nf3 Bg7 6. Bd3 O-O 7. O-O b6 8. h3
Bb7 9. b3 Nbd7 10. Bb2 Re8 11. Rc1 Rc8 12. Re1 e5 13. dxe5 Nxe5 14. Nxe5
Rxe5 15. Nxd5 Rxd5 16. cxd5 cxd5 17. Rxc8 Qxc8 18. Qc1 Qd7 19. Bd4 h5 20.
Qc3 Ne8 21. Rc1 Bf8 22. a4 Qe6 23. a5 g5 24. a6 Bxa6 25. Bxa6 g4 26. Qc8
Qe4 27. hxg4 hxg4 28. Qc2 Qe7 29. Qf5 Qh4 30. Be2 g3 31. Qg4+ Qxg4 32. Bxg4
gxf2+ 33. Kxf2 Nd6 34. Bf3 f5 35. Bxd5+ Kh7 36. Rh1+ Kg6 37. Rc1 Nb5 38.
Rc6+ Kg5 39. Bf6+ Kh5 40. Bf3+ Kg6 41. Be7+ Kf7 42. Bxf8 Ke8 { Black
resigns } 1-0

[Event "ICC tourney 2248 (120 10)"]
[Site "Internet Chess Club"]
[Date "2020.12.26"]
[Round "2"]
[White "Yamato1945"]
[Black "cruiseship"]
[Result "0-1"]
[ICCResult "White checkmated"]
[WhiteElo "1452"]
[BlackElo "1716"]
[Opening "King's Indian: Petrosian system"]
[ECO "E92"]
[NIC "KI.17"]
[Time "17:17:57"]
[PlyCount "84"]
[TimeControl "7200+10"]

1. d4 Nf6 2. c4 g6 3. Nc3 Bg7 4. e4 d6 5. Nf3 O-O 6. Be2 e5 7. d5 c6 8. Bg5
h6 9. Be3 Ng4 10. Bd2 f5 11. h3 Nf6 12. Bd3 Na6 13. a3 Nc5 14. Qc2 cxd5 15.
cxd5 Nxd3+ 16. Qxd3 fxe4 17. Nxe4 Bf5 18. Nxf6+ Qxf6 19. Qe2 e4 20. Nh2
Rac8 21. O-O Rc2 22. Qd1 Qxb2 23. Bb4 e3 24. Qb1 e2 25. Re1 Qxa1 26. Qxa1
Bxa1 27. Rxa1 Rfc8 28. Nf3 Rc1+ 29. Rxc1 Rxc1+ 30. Kh2 Be4 31. Ne1 Bxd5 32.
Bd2 Rd1 33. Bb4 Bc4 34. Bc3 d5 35. Bb4 d4 36. Bd2 Rxd2 37. a4 Rd1 38. a5
Rxe1 39. a6 bxa6 40. f4 Rh1+ 41. Kg3 e1=Q+ 42. Kg4 Be2# { White checkmated
} 0-1

[Event "ICC tourney 2248 (120 10)"]
[Site "Internet Chess Club"]
[Date "2020.12.26"]
[Round "2"]
[White "Niteshc"]
[Black "BlueZillop"]
[Result "1-0"]
[ICCResult "Black checkmated"]
[WhiteElo "1644"]
[BlackElo "1363"]
[Opening "Sicilian: Smith-Morra gambit"]
[ECO "B21"]
[NIC "SI.48"]
[Time "17:17:45"]
[PlyCount "45"]
[TimeControl "7200+10"]

1. e4 c5 2. d4 cxd4 3. c3 dxc3 4. Nxc3 Nc6 5. Nf3 e5 6. Bc4 h6 7. Qe2 Nf6
8. Be3 Bb4 9. O-O Bxc3 10. bxc3 O-O 11. Rfd1 Nxe4 12. Rac1 Qa5 13. Qc2 Nf6
14. Rd6 e4 15. Rxf6 gxf6 16. Qxe4 Qh5 17. g4 Qh3 18. Qg6+ Kh8 19. Qxf6+ Kh7
20. Bxh6 Qxg4+ 21. Kh1 Rg8 22. Bd3+ Rg6 23. Qg7# { Black checkmated } 1-0

[Event "ICC tourney 2248 (120 10)"]
[Site "Internet Chess Club"]
[Date "2020.12.26"]
[Round "2"]
[White "yogokings12"]
[Black "gmcarebear999"]
[Result "0-1"]
[ICCResult "White resigns"]
[WhiteElo "1575"]
[BlackElo "1752"]
[Opening "Sicilian: dragon, Yugoslav attack, 9.Bc4"]
[ECO "B77"]
[NIC "SI.18"]
[Time "17:17:56"]
[PlyCount "84"]
[TimeControl "7200+10"]

1. e4 c5 2. Nf3 d6 3. d4 cxd4 4. Nxd4 Nf6 5. Nc3 g6 6. Be3 Bg7 7. f3 O-O 8.
Qd2 Nc6 9. Bc4 Ne5 10. Bb3 Bd7 11. O-O-O Rc8 12. Kb1 Nc4 13. Bxc4 Rxc4 14.
b3 Rc8 15. g4 Qa5 16. Nd5 Qd8 17. h4 Nxd5 18. exd5 Qc7 19. h5 Qc3 20. Qxc3
Rxc3 21. Rd3 Rfc8 22. hxg6 fxg6 23. Rc1 h5 24. gxh5 Rxd3 25. cxd3 Rxc1+ 26.
Kxc1 gxh5 27. Kd2 Kf7 28. Ne2 a6 29. Nf4 h4 30. Ke2 Bc3 31. Kf2 Bf5 32. Ne2
Bb2 33. Nf4 Kf6 34. d4 Bb1 35. Ne6 Bxa2 36. Bg5+ Kf7 37. Bxh4 Bxb3 38. Nd8+
Ke8 39. Nxb7 Bxd4+ 40. Ke2 Bc4+ 41. Kd2 Bxd5 42. Kd3 Bb6 { White resigns }
0-1

[Event "ICC tourney 2248 (120 10)"]
[Site "Internet Chess Club"]
[Date "2020.12.26"]
[Round "2"]
[White "Eagle2020"]
[Black "Nacaroa-Dan"]
[Result "0-1"]
[ICCResult "White checkmated"]
[WhiteElo "1505"]
[BlackElo "1640"]
[Opening "Scandinavian defense"]
[ECO "B01"]
[NIC "SD.03"]
[Time "17:17:46"]
[PlyCount "136"]
[TimeControl "7200+10"]

1. e4 d5 2. exd5 Nf6 3. Nc3 Nxd5 4. Bc4 Nxc3 5. dxc3 Qxd1+ 6. Kxd1 Bf5 7.
Bf4 Nd7 8. Nf3 O-O-O 9. Kc1 f6 10. Nd4 e5 11. Nxf5 exf4 12. Be6 Re8 13. Re1
g6 14. Nd4 Bh6 15. f3 Kd8 16. Kd2 Ne5 17. Rad1 c5 18. Kc1 cxd4 19. cxd4
Rxe6 20. dxe5+ Ke7 21. Rd5 Rxe5 22. Rdxe5+ fxe5 23. Rxe5+ Kd6 24. Re2 Rd8
25. b4 Rd7 26. a4 Bg7 27. c4 b6 28. Rc2 Bd4 29. Rd2 Kc6 30. Rc2 Be3+ 31.
Kb2 Rd2 32. h3 a5 33. bxa5 bxa5 34. Rxd2 Bxd2 35. Kc2 Be3 36. Kd3 Kc5 37.
Kc3 g5 38. Kb3 Kd4 39. c5 Kxc5 40. Kc3 h6 41. Kb3 Kd4 42. Ka3 Kc4 43. Kb2
Kb4 44. Ka1 Kxa4 45. Ka2 Kb4 46. Kb2 Kc4 47. Kc2 a4 48. Kb2 Kd3 49. Ka3 Ke2
50. Kxa4 Kf2 51. Kb4 Kxg2 52. Kc4 Kxh3 53. Kd5 Kg3 54. Ke5 h5 55. Kf5 h4
56. Kxg5 h3 57. Kf5 h2 58. Kg5 h1=Q 59. Kf5 Qxf3 60. Kg6 Qd5 61. Kf6 Bd4+
62. Ke7 Qc6 63. Kd8 Qb7 64. Ke8 Kg4 65. Kf8 Kg5 66. Ke8 Kf6 67. Kd8 Ke6 68.
Ke8 Qb8# { White checkmated } 0-1

[Event "ICC tourney 2248 (120 10)"]
[Site "Internet Chess Club"]
[Date "2020.12.26"]
[Round "2"]
[White "MartyJR"]
[Black "mutantpenguin"]
[Result "0-1"]
[ICCResult "White resigns"]
[WhiteElo "1635"]
[BlackElo "1377"]
[Opening "Queen's pawn"]
[ECO "A40"]
[NIC "QO.17"]
[Time "17:17:58"]
[PlyCount "158"]
[TimeControl "7200+10"]

1. d4 e6 2. Bf4 d5 3. e3 Nf6 4. Nf3 Be7 5. h3 O-O 6. Bd3 c5 7. c3 Nc6 8.
Nbd2 Bd7 9. O-O Rc8 10. Ne5 h6 11. Ndf3 Ne4 12. Qb1 Nxe5 13. dxe5 f5 14.
exf6 Nxf6 15. Ne5 Be8 16. Ng6 Bxg6 17. Bxg6 Bd6 18. Bxd6 Qxd6 19. Rd1 Qe7
20. e4 Nxe4 21. Bxe4 dxe4 22. Qxe4 Rcd8 23. Re1 Rd2 24. f3 Rxb2 25. Qxe6+
Qxe6 26. Rxe6 Rc2 27. Re3 Rd8 28. Rae1 Rxa2 29. R1e2 Rxe2 30. Rxe2 Kf7 31.
Ra2 a6 32. Kf2 Rd3 33. Ra3 Rd2+ 34. Kg3 Rb2 35. f4 c4 36. Kf3 Rb3 37. Ra5
Rxc3+ 38. Ke2 Rb3 39. Rc5 c3 40. Kd1 b5 41. Kc2 Ra3 42. Rc7+ Kg6 43. Rb7
Kh7 44. g4 Ra2+ 45. Kxc3 Ra3+ 46. Kb4 Rxh3 47. Rf7 Rh4 48. Ka5 Rxg4 49.
Kxa6 b4 50. f5 Rf4 51. Ka5 b3 52. Rb7 Rxf5+ 53. Ka4 Rf3 54. Ka5 Rf8 55. Ka6
Ra8+ 56. Kb6 b2 57. Kc7 Ra2 58. Kc6 h5 59. Kd5 Kh6 60. Ke4 Ra4+ 61. Kd3 Ra2
62. Ke3 Ra3+ 63. Kf4 g5+ 64. Kf5 Rf3+ 65. Ke4 Rf4+ 66. Ke3 h4 67. Rxb2 Kh5
68. Rh2 Ra4 69. Kd3 Ra3+ 70. Kc4 Kg4 71. Kd4 Rh3 72. Re2 Rf3 73. Rg2+ Kf4
74. Re2 Kg3 75. Re5 g4 76. Ke4 h3 77. Rh5 h2 78. Rh7 Rf1 79. Ke3 h1=Q {
White resigns } 0-1

[Event "ICC tourney 2248 (120 10)"]
[Site "Internet Chess Club"]
[Date "2020.12.26"]
[Round "2"]
[White "DrBoler"]
[Black "AngelaIL203"]
[Result "1-0"]
[ICCResult "Black checkmated"]
[WhiteElo "1636"]
[BlackElo "1193"]
[Opening "Queen's pawn"]
[ECO "A40"]
[NIC "QO.17"]
[Time "17:17:57"]
[PlyCount "71"]
[TimeControl "7200+10"]

1. d4 e6 2. Bf4 d5 3. e3 Bd6 4. Bg3 Nf6 5. Nf3 c5 6. c3 Nc6 7. Nbd2 O-O 8.
Bd3 h6 9. Qc2 Bxg3 10. hxg3 cxd4 11. exd4 Bd7 12. O-O-O a6 13. Rh4 Re8 14.
Ne5 g5 15. Rxh6 Nxe5 16. dxe5 Ng4 17. Rh5 Nxe5 18. Rdh1 Nxd3+ 19. Qxd3 f5
20. Qd4 e5 21. Qxd5+ Re6 22. Rh8+ Kf7 23. Rxd8 Rxd8 24. Rh7+ Ke8 25. Rxd7
Rxd7 26. Qxe6+ Re7 27. Qxf5 e4 28. Nxe4 Rf7 29. Nd6+ Ke7 30. Nxf7 Ke8 31.
Qe6+ Kf8 32. Nxg5 Kg7 33. Qe7+ Kg6 34. f4 Kh5 35. Ne6 Kg4 36. Qg5# { Black
checkmated } 1-0

[Event "ICC tourney 2248 (120 10)"]
[Site "Internet Chess Club"]
[Date "2020.12.26"]
[Round "2"]
[White "ab4gm"]
[Black "Vinny773175"]
[Result "0-1"]
[ICCResult "White checkmated"]
[WhiteElo "1047"]
[BlackElo "1782"]
[Opening "Sicilian defense"]
[ECO "B20"]
[NIC "SI.48"]
[Time "17:18:17"]
[PlyCount "62"]
[TimeControl "7200+10"]

1. e4 c5 2. Bc4 e6 3. Nc3 d6 4. Nf3 Nc6 5. d3 Nge7 6. O-O Ng6 7. Re1 Be7 8.
d4 cxd4 9. Nxd4 O-O 10. Nxc6 bxc6 11. Bb3 Bf6 12. Be3 d5 13. exd5 cxd5 14.
Bc5 Re8 15. Ba4 Bd7 16. Bxd7 Qxd7 17. Ne4 Be7 18. Bxe7 Qxe7 19. Nc3 Qb7 20.
Rb1 Rec8 21. Qd3 Rab8 22. Re3 Nf4 23. Qf1 d4 24. Rf3 dxc3 25. Rxf4 cxb2 26.
Rf3 Qc7 27. Qe2 Qxc2 28. Qf1 Qxb1 29. g3 Rc1 30. Qxc1 bxc1=Q+ 31. Kg2 Qf1#
{ White checkmated } 0-1

[Event "ICC tourney 2248 (120 10)"]
[Site "Internet Chess Club"]
[Date "2020.12.26"]
[Round "2"]
[White "local0928"]
[Black "avats"]
[Result "1-0"]
[ICCResult "Black resigns"]
[WhiteElo "1785"]
[BlackElo "1589"]
[Opening "French: exchange variation"]
[ECO "C01"]
[NIC "FR.01"]
[Time "17:18:12"]
[PlyCount "97"]
[TimeControl "7200+10"]

1. e4 e6 2. d4 d5 3. exd5 exd5 4. Bd3 Nf6 5. Nf3 Be7 6. O-O O-O 7. h3 h6 8.
Bf4 Be6 9. c3 c6 10. Nbd2 Re8 11. Qc2 Nbd7 12. Rae1 Nf8 13. Ne5 N6d7 14.
Ndf3 Nxe5 15. Nxe5 Nd7 16. Nf3 Qb6 17. b4 a5 18. a3 axb4 19. axb4 Ra3 20.
Qb2 Rea8 21. Ra1 Qa7 22. Rxa3 Qxa3 23. Qc1 Qxc1 24. Bxc1 Bd6 25. Nd2 Bf4
26. Nb3 Bxc1 27. Rxc1 b6 28. f4 f6 29. f5 Bf7 30. Ra1 Rxa1+ 31. Nxa1 Kf8
32. Kf2 Ke7 33. Kf3 Kd6 34. Nb3 c5 35. bxc5+ bxc5 36. Bb5 cxd4 37. Bxd7
Kxd7 38. Nc5+ Kd6 39. cxd4 Bg8 40. Nd3 Bh7 41. g4 g6 42. fxg6 Bxg6 43. Nf4
Bf7 44. Ke3 Be8 45. Ne2 Bf7 46. Ng3 Bg6 47. Kf4 Ke6 48. h4 Bh5 49. Nxh5 {
Black resigns } 1-0

[Event "ICC tourney 2248 (120 10)"]
[Site "Internet Chess Club"]
[Date "2020.12.26"]
[Round "2"]
[White "playerlucky"]
[Black "imnestorg"]
[Result "1-0"]
[ICCResult "Black resigns"]
[WhiteElo "1802"]
[BlackElo "1638"]
[Opening "Queen's bishop game"]
[ECO "D02"]
[NIC "QP.08"]
[Time "17:17:45"]
[PlyCount "97"]
[TimeControl "7200+10"]

1. d4 d5 2. Nf3 Nf6 3. Bf4 e6 4. e3 Be7 5. Bd3 c5 6. c3 Nc6 7. Nbd2 c4 8.
Bc2 b5 9. Ne5 Bd7 10. Bg3 a5 11. f4 b4 12. Qe2 a4 13. O-O b3 14. Bd1 Na7
15. e4 O-O 16. f5 Nb5 17. Bh4 a3 18. axb3 axb2 19. Rxa8 Qxa8 20. Nxd7 Nxd7
21. Bxe7 Re8 22. Bb4 Qa2 23. Bc2 Na3 24. Bxa3 Qxa3 25. Nb1 Qa2 26. exd5
cxb3 27. fxe6 Nf6 28. exf7+ Kxf7 29. Qh5+ Kf8 30. Bxh7 Re1 31. Qf5 Rxf1+
32. Kxf1 Qa6+ 33. Qd3 Qd6 34. g3 Qxd5 35. Kg1 Qh5 36. Bf5 Qg5 37. c4 Qc1+
38. Kg2 Ne8 39. Qxb3 Nd6 40. Qb8+ Ke7 41. Qc7+ Kf6 42. Qxd6+ Kxf5 43. Qf4+
Qxf4 44. gxf4 Ke4 45. d5 Kd3 46. d6 Kc2 47. d7 Kxb1 48. d8=Q Kc2 49. Qb8 {
Black resigns } 1-0

[Event "ICC tourney 2248 (120 10)"]
[Site "Internet Chess Club"]
[Date "2020.12.26"]
[Round "2"]
[White "tricksterssbu"]
[Black "hello12"]
[Result "1-0"]
[ICCResult "Black resigns"]
[WhiteElo "1692"]
[BlackElo "1475"]
[Opening "Sicilian: Anderssen variation"]
[ECO "B41"]
[NIC "SI.41"]
[Time "17:18:01"]
[PlyCount "53"]
[TimeControl "7200+10"]

1. e4 c5 2. Nf3 e6 3. d4 cxd4 4. Nxd4 Nf6 5. Nc3 Nc6 6. Bc4 Bb4 7. f3 O-O
8. Nb3 Bxc3+ 9. bxc3 Qb6 10. Qe2 d5 11. Be3 Qc7 12. Bd3 dxe4 13. fxe4 e5
14. h3 h6 15. O-O b6 16. Bxh6 gxh6 17. Rxf6 Kg7 18. Raf1 Be6 19. Qh5 Rh8
20. Be2 Kf8 21. Rxe6 Rg8 22. Rxc6 Qd7 23. Rcf6 Rg7 24. Bc4 Ke8 25. Rxf7
Rxf7 26. Qxf7+ Qxf7 27. Rxf7 { Black resigns } 1-0

[Event "ICC tourney 2248 (120 10)"]
[Site "Internet Chess Club"]
[Date "2020.12.26"]
[Round "2"]
[White "rcww2020"]
[Black "Legolas08"]
[Result "1/2-1/2"]
[ICCResult "Game drawn by mutual agreement"]
[WhiteElo "1640"]
[BlackElo "1807"]
[Opening "Caro-Kann: advance variation"]
[ECO "B12"]
[NIC "CK.04"]
[Time "17:18:04"]
[PlyCount "65"]
[TimeControl "7200+10"]

1. e4 c6 2. d4 d5 3. e5 Bf5 4. h4 h6 5. g4 Bh7 6. e6 Qd6 7. exf7+ Kxf7 8.
Nf3 Nd7 9. Nc3 Ngf6 10. g5 Ne4 11. Bd3 e5 12. Nxe5+ Nxe5 13. dxe5 Qxe5 14.
Qf3+ Qf5 15. Qxf5+ Bxf5 16. Nxe4 Bxe4 17. Bxe4 Re8 18. g6+ Kf6 19. Bg5+ Ke5
20. Bd3 hxg5 21. Kd2 Kf4 22. hxg5 Rxh1 23. Rxh1 Kxg5 24. c3 Bd6 25. Re1
Rxe1 26. Kxe1 Kf4 27. Ke2 c5 28. c4 d4 29. f3 b6 30. Be4 Be7 31. b3 Bh4 32.
Kd3 a5 33. a4 { Game drawn by mutual agreement } 1/2-1/2

[Event "ICC tourney 2248 (120 10)"]
[Site "Internet Chess Club"]
[Date "2020.12.26"]
[Round "2"]
[White "WallyCleaver"]
[Black "muzikmixer"]
[Result "0-1"]
[ICCResult "White resigns"]
[WhiteElo "1318"]
[BlackElo "1633"]
[Opening "Pirc: Ufimtsev-Pytel variation"]
[ECO "B07"]
[NIC "PU.08"]
[Time "17:17:44"]
[PlyCount "78"]
[TimeControl "7200+10"]

1. e4 d6 2. d4 Nf6 3. Nc3 c6 4. f4 Qa5 5. Bd3 d5 6. Bd2 Qb6 7. Na4 Qxd4 8.
e5 Ne4 9. Bxe4 Qxe4+ 10. Qe2 Qxa4 11. b3 Qe4 12. O-O-O Qxe2 13. Nxe2 Bg4
14. Rde1 Bxe2 15. Rxe2 e6 16. g4 h5 17. gxh5 Rxh5 18. Rg2 g6 19. Kb2 Nd7
20. Be3 O-O-O 21. c3 Bc5 22. Bd4 Rdh8 23. b4 Bxd4 24. cxd4 Rh3 25. Rc1 Rxh2
26. Rxh2 Rxh2+ 27. Rc2 Rxc2+ 28. Kxc2 Kd8 29. a4 Ke8 30. a5 b6 31. Kb3 Kf8
32. Ka4 b5+ 33. Kb3 Kg7 34. Kc3 g5 35. fxg5 Kg6 36. Kd3 Kxg5 37. Ke3 Nb8
38. Kd3 Kf4 39. Kc3 Ke3 { White resigns } 0-1

[Event "ICC tourney 2248 (120 10)"]
[Site "Internet Chess Club"]
[Date "2020.12.26"]
[Round "2"]
[White "MathMonkey"]
[Black "rohitk14"]
[Result "1-0"]
[ICCResult "Black resigns"]
[WhiteElo "1187"]
[BlackElo "1057"]
[Opening "Sicilian: Najdorf, Opocensky variation"]
[ECO "B92"]
[NIC "SI.11"]
[Time "17:17:59"]
[PlyCount "117"]
[TimeControl "7200+10"]

1. e4 c5 2. Nf3 d6 3. d4 cxd4 4. Nxd4 Nf6 5. Nc3 a6 6. Be2 e5 7. Nb3 Be7 8.
O-O Be6 9. Be3 O-O 10. Qd2 Nbd7 11. Rad1 Qc7 12. Nd5 Nxd5 13. exd5 Bf5 14.
c4 Rfd8 15. Bd3 Bg6 16. Bxg6 fxg6 17. Qd3 Nf6 18. Rd2 Rac8 19. Rc1 Qd7 20.
Rcd1 Ng4 21. Bb6 Rf8 22. f3 Nh6 23. c5 Bd8 24. Bxd8 Rfxd8 25. cxd6 Qxd6 26.
Kh1 Nf7 27. a3 Rc7 28. Na5 Rdc8 29. Qb3 b6 30. Nc6 Kh8 31. Qxb6 Nd8 32.
Qxa6 Rb7 33. b4 h6 34. b5 Nf7 35. Qxb7 Rf8 36. Qe7 Qxe7 37. Nxe7 Re8 38.
Nxg6+ Kh7 39. Nh4 Nd6 40. b6 g5 41. b7 gxh4 42. Re1 Nxb7 43. d6 Rd8 44.
Rxe5 Rxd6 45. Rxd6 Nxd6 46. a4 Kg7 47. a5 Nc4 48. a6 Nb6 49. Rb5 Na8 50. a7
Kg6 51. Rb8 Nc7 52. Rc8 Ne6 53. a8=Q Ng5 54. Qb7 Kh5 55. g4+ hxg3 56. hxg3
Kg6 57. g4 Nf7 58. Rc6+ Kg7 59. Rc7 { Black resigns } 1-0

[Event "ICC tourney 2248 (120 10)"]
[Site "Internet Chess Club"]
[Date "2020.12.26"]
[Round "2"]
[White "AbleCompany"]
[Black "garynanoman"]
[Result "1/2-1/2"]
[ICCResult "Game drawn by mutual agreement"]
[WhiteElo "1568"]
[BlackElo "1850"]
[Opening "QGD: Orthodox defense, Bd3 line, fianchetto variation"]
[ECO "D66"]
[NIC "QO.16"]
[Time "17:17:42"]
[PlyCount "56"]
[TimeControl "7200+10"]

1. d4 Nf6 2. c4 e6 3. Nc3 d5 4. Nf3 c6 5. Bg5 Be7 6. e3 Nbd7 7. Rc1 O-O 8.
Bd3 dxc4 9. Bxc4 b5 10. Bd3 a6 11. Bxf6 Nxf6 12. Ne4 Qa5+ 13. Nfd2 Rd8 14.
O-O Qxa2 15. Qc2 Qd5 16. Nxf6+ Bxf6 17. Bxh7+ Kh8 18. Be4 Qg5 19. Nf3 Qh5
20. Qxc6 Rb8 21. Rc5 g5 22. h4 Bb7 23. Qxb7 Rxb7 24. Bxb7 Kg7 25. g3 Be7
26. Re5 Bf6 27. Rc5 Be7 28. Re5 Bf6 { Game drawn by mutual agreement }
1/2-1/2

[Event "ICC tourney 2248 (120 10)"]
[Site "Internet Chess Club"]
[Date "2020.12.26"]
[Round "2"]
[White "rohu333"]
[Black "jackl514"]
[Result "1-0"]
[ICCResult "Black checkmated"]
[WhiteElo "1766"]
[BlackElo "1580"]
[Opening "Sicilian defense"]
[ECO "B30"]
[NIC "SI.31"]
[Time "17:17:54"]
[PlyCount "85"]
[TimeControl "7200+10"]

1. e4 c5 2. Nf3 Nc6 3. g3 g6 4. Bg2 Bg7 5. O-O d6 6. d3 Nf6 7. Nc3 O-O 8.
h3 Rb8 9. a4 a6 10. Be3 b5 11. axb5 axb5 12. Rb1 b4 13. Ne2 Ba6 14. b3 Nd7
15. Qc1 Ra8 16. Bh6 Qb6 17. Bxg7 Kxg7 18. Qb2+ Kg8 19. Nd2 Nde5 20. f4 c4+
21. Kh2 c3 22. Nxc3 bxc3 23. Qxc3 Nd7 24. e5 Rfc8 25. Nc4 Qc7 26. b4 Bb5
27. exd6 exd6 28. f5 Nde5 29. fxg6 hxg6 30. Bd5 Rf8 31. Nxe5 dxe5 32. Qc5
Ba4 33. b5 Qa5 34. Qxc6 Qd2+ 35. Kh1 Bxc2 36. Qxg6+ Kh8 37. Qh5+ Kg7 38.
Rxf7+ Rxf7 39. Qxf7+ Kh6 40. Rf1 Bxd3 41. Rf6+ Kg5 42. Qg7+ Kh5 43. Bf3# {
Black checkmated } 1-0

[Event "ICC tourney 2248 (120 10)"]
[Site "Internet Chess Club"]
[Date "2020.12.26"]
[Round "2"]
[White "kwen2008"]
[Black "kirikiri007"]
[Result "1-0"]
[ICCResult "Black resigns"]
[WhiteElo "1745"]
[BlackElo "1564"]
[Opening "QGD Slav: exchange variation"]
[ECO "D13"]
[NIC "SL.02"]
[Time "17:18:06"]
[PlyCount "59"]
[TimeControl "7200+10"]

1. d4 d5 2. c4 c6 3. Nf3 Nf6 4. cxd5 cxd5 5. Nc3 Nc6 6. Bf4 e6 7. e3 a6 8.
a3 Bd6 9. Bg5 h6 10. Bh4 O-O 11. Bd3 b5 12. b4 Bb7 13. O-O Rc8 14. Rc1 Re8
15. Nd2 g5 16. Bg3 e5 17. dxe5 Bxe5 18. Nb3 Bxg3 19. hxg3 Ne5 20. Nc5 Nxd3
21. Qxd3 Qb6 22. Qf5 Ba8 23. Ne2 Bb7 24. Nxb7 Qxb7 25. Qxf6 Kh7 26. Qf5+
Kg7 27. Nd4 Rxc1 28. Rxc1 Rc8 29. Qxc8 Qxc8 30. Rxc8 { Black resigns } 1-0

[Event "ICC tourney 2248 (120 10)"]
[Site "Internet Chess Club"]
[Date "2020.12.26"]
[Round "2"]
[White "Ryan123455"]
[Black "Threehundreds"]
[Result "1/2-1/2"]
[ICCResult "Game drawn by mutual agreement"]
[WhiteElo "1646"]
[BlackElo "1437"]
[Opening "Scotch game"]
[ECO "C45"]
[NIC "SO.05"]
[Time "17:17:44"]
[PlyCount "44"]
[TimeControl "7200+10"]

1. e4 e5 2. Nf3 Nc6 3. d4 exd4 4. Nxd4 Bc5 5. Be3 Qf6 6. c3 Nge7 7. Bc4 O-O
8. O-O a6 9. Kh1 Rd8 10. Qf3 Qxf3 11. gxf3 d5 12. exd5 Nxd5 13. Nxc6 Nxe3
14. Nxd8 Nxf1 15. Nxf7 Kf8 16. Kg2 Nxh2 17. Kxh2 Bxf2 18. Ng5 Bf5 19. Nd2
Re8 20. Nge4 Be3 21. Kg2 b5 22. Bf1 Re6 { Game drawn by mutual agreement }
1/2-1/2

[Event "ICC tourney 2248 (120 10)"]
[Site "Internet Chess Club"]
[Date "2020.12.26"]
[Round "2"]
[White "uzkuzk"]
[Black "Knightboy123"]
[Result "1-0"]
[ICCResult "Black checkmated"]
[WhiteElo "1809"]
[BlackElo "1661"]
[Opening "Sicilian: Najdorf, Byrne (English) attack"]
[ECO "B90"]
[NIC "SI.14"]
[Time "17:17:47"]
[PlyCount "61"]
[TimeControl "7200+10"]

1. e4 c5 2. Nf3 d6 3. d4 cxd4 4. Nxd4 Nf6 5. Nc3 a6 6. Be3 e5 7. Nb3 Be6 8.
Nd5 Nbd7 9. f3 Be7 10. Qd2 b5 11. a4 bxa4 12. Na5 Bxd5 13. exd5 Nb6 14. Nc6
Qc7 15. c4 Nfd7 16. Rd1 Nc8 17. Qc2 Nb8 18. Nxe7 Nxe7 19. c5 Qa5+ 20. Kf2
dxc5 21. d6 Nec6 22. d7+ Nxd7 23. Rxd7 Kxd7 24. Qf5+ Ke7 25. Bc4 Nd8 26.
Qxe5+ Ne6 27. Bxe6 fxe6 28. Qxg7+ Kd6 29. Rd1+ Kc6 30. Qd7+ Kb6 31. Rd6# {
Black checkmated } 1-0

[Event "ICC tourney 2248 (120 10)"]
[Site "Internet Chess Club"]
[Date "2020.12.26"]
[Round "2"]
[White "sushivishwa"]
[Black "chessmaster0981"]
[Result "1-0"]
[ICCResult "Black resigns"]
[WhiteElo "1755"]
[BlackElo "1557"]
[Opening "French: Tarrasch, closed variation"]
[ECO "C05"]
[NIC "FR.16"]
[Time "17:18:06"]
[PlyCount "59"]
[TimeControl "7200+10"]

1. e4 e6 2. d4 d5 3. Nd2 Nf6 4. e5 Nfd7 5. f4 c5 6. c3 Nc6 7. Ndf3 Be7 8.
Bd3 Qb6 9. Ne2 O-O 10. O-O f6 11. Kh1 fxe5 12. dxe5 c4 13. Bc2 Nc5 14. Ned4
Bd7 15. Rb1 Rad8 16. Be3 Qc7 17. Nxc6 Qxc6 18. Nd4 Qc7 19. Qh5 Nd3 20. Rf3
Be8 21. Qg4 Qd7 22. Bxd3 cxd3 23. Nxe6 Rf7 24. f5 Rc8 25. Rg3 Bf8 26. Bh6
Rc4 27. Nd4 Qc7 28. e6 Rf6 29. Bg5 Be7 30. Bf4 { Black resigns } 1-0